 Dungeon Crawl Stone Soup version 0.28.0 (webtiles) character file.

Game seed: 3995469307289421271

4 SnakkuSnakku7 the Charlatan (level 1, 0/11 HPs)
             Began as a Deep Elf Artificer on Feb 16, 2022.
             Frozen to death by an endoplasm (3 damage)
             ... on level 1 of the Dungeon.
             The game lasted 00:00:22 (124 turns).

SnakkuSnakku7 the Charlatan (Deep Elf Artificer)     Turns: 124, Time: 00:00:23

Health: 0/11       AC:  3    Str:  9    XL:     1   Next: 50%
Magic:  3/3        EV: 12    Int: 15    God:
Gold:   14         SH:  0    Dex: 15    Spells: 0/0 levels left

rFire   . . .      SeeInvis .   a - +0 club
rCold   . . .      Faith    .   (no shield)
rNeg    . . .      Spirit   .   b - +0 leather armour
rPois   .          Reflect  .   (no helmet)
rElec   .          Harm     .   (no cloak)
rCorr   .          Rampage  .   (no gloves)
Will    .....                   (no boots)
Stlth   ++........              (no amulet)
HPRegen 0.03/turn               (no ring)
MPRegen 0.08/turn               (no ring)

@: no status effects
A: no striking features
a: no special abilities


You were on level 1 of the Dungeon.
You visited 1 branch of the dungeon, and saw 1 of its levels.

You collected 14 gold pieces.

Inventory:

Hand Weapons
 a - a +0 club (weapon)
Missiles
 g - 42 stones
Armour
 b - a +0 leather armour (worn)
Wands
 c - a wand of flame (15) (quivered)
 d - a wand of charming (15)
Potions
 f - a potion of brilliance {unknown}
Miscellaneous
 e - a piece from Xom's chessboard (15/15)


   Skills:
 - Level 0.7 Fighting
 - Level 0.7 Armour
 - Level 2.4 Dodging
 - Level 1.2 Stealth
 + Level 3.6 Evocations


You couldn't memorise any spells.
You didn't know any spells.
Your spell library was empty.

Dungeon Overview and Level Annotations

Branches:
Dungeon (1/15)

Altars:


Message History

The bat hits you but does no damage.
You hit the bat but do no damage. The bat hits you but does no damage.
The bat misses you.
You closely miss the bat. The bat misses you.
The bat hits you but does no damage.
You miss the bat. The bat barely misses you.
The bat hits you but does no damage.
You miss the bat. The bat hits you but does no damage. The bat misses you.
The bat closely misses you.
You hit the bat.
You kill the bat!
You hit the hobgoblin but do no damage. The hobgoblin completely misses you.
You hit the hobgoblin but do no damage. The hobgoblin closely misses you.
The hobgoblin barely misses you.
You hit the hobgoblin.
The hobgoblin is heavily wounded.
The hobgoblin completely misses you.
You hit the hobgoblin.
The hobgoblin is almost dead.
The hobgoblin hits you.
You hit the hobgoblin.
You kill the hobgoblin!
You hit the endoplasm.
The endoplasm is lightly wounded.
The endoplasm hits you.
You hit the endoplasm but do no damage.
The endoplasm is lightly wounded.
The endoplasm freezes you.
You are frozen.
The endoplasm hits you but does no damage.
You hit the endoplasm.
The endoplasm is severely wounded.
The endoplasm freezes you.
You are frozen.
* * * LOW HITPOINT WARNING * * *
You hit the endoplasm.
The endoplasm is almost dead.
The endoplasm freezes you.
You are frozen.
You die...

.........'....'......
#........######......
...#........# ..... ####
##.########..# #.## ....
#.###.♣.♣# ..# #..## .....
##∩......♣# ... ... .....
##.......# ## #.## ......
#.....♣..# #####..##..!###
##♣........# #.@J........[..
..........### #.####..##..##.
..........∩.# #.####..##.....
....8.....### #.#..........#.
...........# #.#............
.........### #.#............
.........∩.# #....).....^...
.........### ####......#....
..........########.####.#....


You could see an endoplasm.

Vanquished Creatures
  A goblin (D:1)
  A hobgoblin (D:1)
  A bat (D:1)
  A rat (D:1)
4 creatures vanquished.

Notes
Turn   | Place    | Note
-------+----------+-------------------------------------------
     0 | D:1      | SnakkuSnakku7 the Deep Elf Artificer began the quest for
                  | the Orb.
     0 | D:1      | Reached XP level 1. HP: 11/11 MP: 3/3
   124 | D:1      | Frozen to death by an endoplasm

Illustrated notes

Levels and vault maps discovered:
D:1:      nzn_arrival_settlement, layout_basic,
          hellmonk_ecumenical_altar_leap_of_faith, chequers_serial_rivers_marsh,
          chequers_serial_rivers_micro_a, minmay_heptomino_l4

Action                   || total
-------------------------++-------
Melee: Club              ||    19
Armor: Leather armour    ||     9
Dodge: Dodged            ||    16
